 Dungeon Crawl Stone Soup version 0.25.0-46-gbd7b0854d2 (webtiles) character file.

Game seed: 829884857739009273

1254 Curus the Cleaver (level 8, -2/64 HPs)
             Began as a Minotaur Monk on July 16, 2020.
             Slain by a gnoll
             ... wielding a +0 halberd
              (10 damage)
             ... on level 6 of the Dungeon.
             The game lasted 00:27:20 (4709 turns).

Curus the Cleaver (Minotaur Monk)                   Turns: 4709, Time: 00:27:21

Health: -2/64      AC:  2    Str: 16    XL:     8   Next: 26%
Magic:  15/15      EV:  5    Int: 16    God:
Gold:   277        SH:  0    Dex: 14    Spells: 7/7 levels left

rFire    + + .     SeeInvis .   p - +3 war axe "Obruigeo" {venom, *Corrode rF+ Int+8 Stlth-}
rCold    . . .     Gourm    .   (no shield)
rNeg     . . .     Faith    .   j - +0 plate armour
rPois    .         Spirit   .   (helmet restricted)
rElec    .         Reflect  .   (no cloak)
rCorr    .         Harm     .   (no gloves)
MR       .....                  (no boots)
Stlth    ..........             r - amulet of the acrobat
HPRegen  0.20/turn              i - ring of magical power
MPRegen  0.14/turn              (no ring)

@: corroded
A: retaliatory headbutt, horns 2, fire resistance 1, low mp 1, MP-powered wands
a: no special abilities


You were on level 6 of the Dungeon.
You were not hungry.

You visited 1 branch of the dungeon, and saw 6 of its levels.

You collected 321 gold pieces.
You spent 44 gold pieces at shops.

Inventory:

Hand Weapons
 a - a +0 hand axe of flaming
 p - the +3 war axe "Obruigeo" (weapon) {venom, *Corrode rF+ Int+8 Stlth-}
   (You found it on level 4 of the Dungeon)

   It poisons the flesh of those it strikes.
   It affects your intelligence (+8).
   It protects you from fire.
   It may corrode you when you take damage.
   It makes you less stealthy.
Armour
 b - a +0 robe
 d - a +0 ring mail
 g - a -1 chain mail
 j - a +0 plate armour (worn)
Jewellery
 i - a ring of magical power (left hand)
 r - an amulet of the acrobat (around neck)
Wands
 m - a wand of acid (5)
 n - a wand of paralysis (5)
 t - a wand of flame (21)
Scrolls
 e - a scroll of noise
 f - a scroll of identify
 h - a scroll of teleportation
 q - a scroll of magic mapping
Potions
 k - a potion of flight
 l - 2 potions of might
 o - a potion of cancellation
Comestibles
 c - 7 rations
 s - 4 chunks of flesh


   Skills:
 - Level 3.6 Fighting
 + Level 12.1 Axes
 - Level 3.2 Dodging
 - Level 1.5 Stealth


You had 7 spell levels left.
You didn't know any spells.
Your spell library contained the following spells:

 Spells                   Type           Power        Failure   Level  Hunger
 Magic Dart               Conj           #...         100%        1    ##.....
 Searing Ray              Conj           #.....       100%        2    ###....
 Dazzling Flash           Conj/Hex       #.....       100%        3    ####...
 Fulminant Prism          Conj/Hex       #.........   100%        4    #####..
 Iskenderun's Mystic Bla  Conj/Tloc      #.......     100%        4    #####..


Dungeon Overview and Level Annotations

Branches:
Dungeon (6/15)
 Temple: D:4-7

Altars:
The Shining One

Shops:
D:5 *((   D:6 (


Innate Abilities, Weirdness & Mutations

You reflexively headbutt those who attack you in melee.
You have a pair of horns on your head.
Your flesh is heat resistant. (rF+)
Your magical capacity is low. (-10% MP)
You expend magic power (3 MP) to strengthen your wands.


Message History

The gnoll hits you from afar with a +0 halberd.
Your corrosive artefact corrodes you!
You completely miss the gnoll.
The gnoll is moderately wounded.
The gnoll hits you but does no damage.
You closely miss the gnoll.
The gnoll is moderately wounded.
The gnoll hits you but does no damage.
You slash the gnoll!
You headbutt the gnoll, but do no damage.
The gnoll is severely wounded.
The gnoll hits you with a +1 whip of electrocution!
Your corrosive artefact corrodes you!
The gnoll completely misses you.
You closely miss the gnoll.
The gnoll is severely wounded.
The gnoll hits you with a +1 whip of electrocution.
You are electrocuted!
* * * LOW HITPOINT WARNING * * *
The gnoll hits you from afar with a +0 halberd!
You die...

##..######.
#.......?.
#.########
#)# #.# #.#
#.# #.# #@#
#g# #g# #.#
#.. #..
#..# #...
####


You could see 2 gnolls.

Vanquished Creatures
  Prince Ribbit (D:5)
  Eustachio (D:5)
  Edmund (D:6)
  A sky beast (D:5)
  2 ogres (D:5)
  A centaur (D:3)
  A bullfrog (D:6)
  A centaur zombie (D:5)
  A centaur skeleton (D:4)
  Ijyb (D:5)
  2 orc wizards
  An iguana (D:4)
  3 worker ants
  A howler monkey zombie (D:5)
  4 adders
  A gnoll (D:6)
  8 oozes (D:1)
  An adder skeleton (D:4)
  6 worms
  A dart slug (D:2)
  A leopard gecko (D:2)
  8 orcs
  5 giant cockroaches
  4 goblins
  3 hobgoblins
  11 jackals
  2 quokkas
  5 bats
  11 frilled lizards
  8 kobolds
  8 rats
105 creatures vanquished.

Notes
Turn   | Place    | Note
-------+----------+-------------------------------------------
     0 | D:1      | Curus the Minotaur Monk began the quest for the Orb.
     0 | D:1      | Reached XP level 1. HP: 19/19 MP: 0/0
     1 | D:1      | Found a runed translucent door.
   110 | D:1      | Reached skill level 4 in Axes
   650 | D:1      | Reached XP level 2. HP: 26/26 MP: 1/1
   657 | D:1      | Reached skill level 5 in Axes
   663 | D:1      | Reached XP level 3. HP: 22/31 MP: 2/2
  1013 | D:2      | Reached skill level 6 in Axes
  1013 | D:2      | Reached XP level 4. HP: 26/39 MP: 3/3
  2318 | D:3      | Found a glowing golden altar of the Shining One.
  2333 | D:3      | Noticed a centaur
  2345 | D:3      | Killed a centaur
  2345 | D:3      | Reached skill level 7 in Axes
  2345 | D:3      | Reached XP level 5. HP: 19/45 MP: 4/4
  2822 | D:4      | Reached skill level 8 in Axes
  2946 | D:4      | Reached XP level 6. HP: 50/51 MP: 5/5
  3128 | D:4      | Got a bloodstained war axe
  3129 | D:4      | Identified the +3 war axe "Obruigeo" {venom, *Corrode rF+
                  | Int+8 Stlth-} (You found it on level 4 of the Dungeon)
  3163 | D:4      | Gained mutation: Your magical capacity is low. (-10% MP)
                  | [potion of mutation]
  3163 | D:4      | Gained mutation: You expend magic power (3 MP) to
                  | strengthen your wands. [potion of mutation]
  3163 | D:4      | Gained mutation: Your flesh is heat resistant. (rF+)
                  | [potion of mutation]
  3317 | D:5      | Entered Level 5 of the Dungeon
  3327 | D:5      | Reached skill level 9 in Axes
  3466 | D:5      | Noticed a sky beast
  3475 | D:5      | Killed a sky beast
  3475 | D:5      | Reached XP level 7. HP: 52/57 MP: 5/5
  3532 | D:5      | Found Zaczocru's Assorted Antiques.
  3539 | D:5      | Bought an orange potion for 22 gold pieces
  3539 | D:5      | Bought a metallic orange potion for 22 gold pieces
  3541 | D:5      | Noticed Prince Ribbit
  3553 | D:5      | Killed Prince Ribbit
  3553 | D:5      | Reached skill level 10 in Axes
  3784 | D:5      | Noticed Ijyb
  3792 | D:5      | Killed Ijyb
  3990 | D:5      | Found Ecroik's Antique Weapon Shoppe.
  3997 | D:5      | Reached skill level 11 in Axes
  4246 | D:5      | Noticed Eustachio
  4256 | D:5      | Killed Eustachio
  4256 | D:5      | Reached XP level 8. HP: 63/64 MP: 6/6
  4504 | D:5      | Found Irhelenk's Antique Weapon Boutique.
  4637 | D:6      | Found Ecibbocs's Weapon Shop.
  4686 | D:6      | Noticed Edmund
  4693 | D:6      | Killed Edmund
  4693 | D:6      | Reached skill level 12 in Axes
  4709 | D:6      | Slain by a gnoll

Illustrated notes

Levels and vault maps discovered:
D:1:      dpeg_arrival_caged_fury, layout_loops_cross, minivault_14,
          minmay_misc_feat_square
D:2:      layout_loops_ring, minmay_lizard_pond
D:3:      layout_loops_cross, tso_metal_star
D:4:      layout_cave_pools, first_ration
D:5:      layout_loops_corners, serial_shops, shop, shop, nicolae_shop_trees,
          uniq_eustachio, uniq_ijyb, uniq_prince_ribbit1
D:6:      layout_loops_ring, serial_shops, shop, serial_park_tiny_pond,
          uniq_edmund

Skill      XL: |  1  2  3  4  5  6  7  8 |
---------------+-------------------------+-----
Axes           | 4 5 6 7 8 9 11 12 | 12.1
Fighting       | |  3.6
Dodging        | |  3.2
Stealth        | |  1.5

Action                   |  1- 3 |  4- 6 |  7- 9 || total
-------------------------+-------+-------+-------++-------
Melee: Hand axe          |    72 |   145 |       ||   217
       Headbutt          |    12 |    27 |    12 ||    51
       War axe           |       |    21 |    56 ||    77
Evoke: Wand              |       |       |     1 ||     1
  Use: Potion            |     5 |     5 |     2 ||    12
       Scroll            |     4 |     4 |     1 ||     9
 Stab: Sleeping          |     2 |       |       ||     2
       Paralysed         |       |       |     2 ||     2
  Eat: Chunk             |       |     8 |     2 ||    10
       Ration            |       |       |     1 ||     1
Armor: Robe              |     4 |       |       ||     4
       Skin              |    11 |       |       ||    11
       Chain mail        |       |    37 |       ||    37
       Plate armour      |       |    61 |    23 ||    84
       Ring mail         |       |     1 |       ||     1
Dodge: Dodged            |    36 |    44 |    12 ||    92
